 Dungeon Crawl Stone Soup version 0.27-a0-650-g8dd3ea4f36 (webtiles) character file.

Game seed: 15823354236500970077

200 shoop the Chopper (level 5, 0/48 HPs)
             Began as a Palentonga Abyssal Knight on Mar 16, 2021.
             Was a Believer of Lugonu.
             Engulfed by a steam dragon's steam (2 damage)
             ... on level 3 of the Dungeon.
             The game lasted 00:06:47 (3180 turns).

shoop the Chopper (Palentonga Abyssal Knight)       Turns: 3180, Time: 00:06:48

Health: 0/48       AC:  6    Str: 17    XL:     5   Next: 49%
Magic:  6/6        EV:  9    Int: 12    God:    Lugonu [**....]
Gold:   101        SH:  0    Dex:  9    Spells: 4/4 levels left

rFire    . . .     SeeInvis +   a - +1 hand axe
rCold    . . .     Faith    .   (no shield)
rNeg     . . .     Spirit   .   b - +0 leather armour
rPois    .         Reflect  .   f - +0 helmet
rElec    .         Harm     .   (no cloak)
rCorr    .         Rampage  .   d - +0 pair of gloves
Will     .....                  (no barding)
Stlth    +.........             (no amulet)
HPRegen  0.16/turn              (no ring)
MPRegen  0.10/turn              (no ring)

@: about to teleport
A: large, rugged brown scales 3, see invisible, deformed body, roll 1, armoured
tail
a: Rolling Charge, Renounce Religion, Depart the Abyss, Bend Space


You were on level 3 of the Dungeon.
You worshipped Lugonu.
Lugonu was pleased with you.
You visited 1 branch of the dungeon, and saw 3 of its levels.
You visited the Abyss 1 time.

You collected 101 gold pieces.

Inventory:

Hand Weapons
 a - a +1 hand axe (weapon)
Missiles
 e - 13 poisoned darts
 h - 2 silver javelins
Armour
 b - a +0 leather armour (worn)
 d - a +0 pair of gloves (worn)
 f - a +0 helmet (worn)
Scrolls
 c - a scroll of teleportation
 g - 4 scrolls of identify {unknown}
 k - a scroll of enchant armour {unknown}
 l - a scroll of blinking {unknown}
 m - a scroll of fear {unknown}
Potions
 i - a potion of curing {unknown}


   Skills:
 - Level 3.0 Fighting
 + Level 5.8 Axes
 - Level 1.5 Armour
 - Level 0.7 Dodging
 - Level 2.0 Invocations


You had 4 spell levels left.
You didn't know any spells.
Your spell library was empty.

Dungeon Overview and Level Annotations

Branches:
Dungeon (3/15)

Altars:
Nemelex Xobeh


Innate Abilities, Weirdness & Mutations

You are completely covered in rugged brown scales. (AC +3, +7% HP)
You have supernaturally acute eyesight. (SInv)
Armour fits poorly on your strangely shaped body.
You can roll at nearby foes to attack.
You have a long armoured tail.


Message History

The steam dragon bites you.
The steam dragon claws you but does no damage.
It was a potion of cancellation.
Your magical effects are unravelling.
You feel magically purged.
You feel less wooden.
Your +0 helmet unmelds from your body.
Your +0 pair of gloves unmelds from your body.
Your +0 leather armour unmelds from your body.
You feel yourself slow down.
The steam dragon bites you but does no damage.
The steam dragon claws you but does no damage.
As you read the scroll of teleportation, it crumbles to dust.
You feel strangely unstable. The steam dragon misses you.
The steam dragon claws you but does no damage.
Space bends around you!
You blink.
The goblin shoots a stone.
The stone hits you.
* * * LOW HITPOINT WARNING * * *
The goblin shoots a stone.
The stone barely misses you. The steam dragon breathes steam at you.
The ball of steam hits you!
* * * LOW HITPOINT WARNING * * *
Your surroundings suddenly seem different.
You start resting.
Magic restored.
You start resting.
A rat comes into view.
You hit the rat.
The rat is heavily wounded.
The rat bites you but does no damage.
As you read the scroll of teleportation, it crumbles to dust.
You feel strangely unstable. The rat bites you but does no damage.
The steam dragon breathes steam at you. The ball of steam hits you.
* * * LOW HITPOINT WARNING * * *
The rat bites you.
* * * LOW HITPOINT WARNING * * *
Okay, then.
You are engulfed in a cloud of scalding steam.
You die...

## ..
######
#######
......
....D
#####
#.§# #§§#
## #§r#
.. #§@#
##
.....§..#
######..#
#..# #...
#.## #.#
#. ##


You could see a rat.

Vanquished Creatures
  2 orc priests
  An orc wizard (D:3)
  3 adders
  A worm (D:1)
  4 dart slugs
  A leopard gecko (D:3)
  5 orcs
  5 ball pythons
  5 bats
  4 giant cockroaches
  5 hobgoblins
  8 jackals (D:2)
  A quokka (D:2)
  3 frilled lizards
  10 goblins
  4 kobolds
  13 rats
75 creatures vanquished.

Vanquished Creatures (others)
  3 plants (D:3)
3 creatures vanquished.

Grand Total: 78 creatures vanquished

Notes
Turn   | Place    | Note
-------+----------+-------------------------------------------
     0 | Abyss:1  | shoop the Palentonga Abyssal Knight began the quest for the
                  | Orb.
     0 | Abyss:1  | Reached XP level 1. HP: 20/20 MP: 2/2
    45 | Abyss:1  | Noticed a quicksilver dragon zombie
    53 | Abyss:1  | Noticed a ynoxinul
    54 | D:1      | Escaped the Abyss
   197 | D:1      | Reached * piety under Lugonu
   303 | D:1      | Reached XP level 2. HP: 9/27 MP: 3/3
   596 | D:1      | Reached skill level 3 in Axes
   951 | D:1      | Reached XP level 3. HP: 33/33 MP: 4/4
  1164 | D:1      | Reached skill level 4 in Axes
  1577 | D:2      | Reached ** piety under Lugonu
  1587 | D:2      | Reached XP level 4. HP: 29/40 MP: 5/5
  1858 | D:2      | Found a sparkling altar of Nemelex Xobeh.
  2681 | D:2      | Reached skill level 5 in Axes
  2885 | D:3      | Reached XP level 5. HP: 46/48 MP: 6/6
  3128 | D:3      | Noticed a steam dragon
  3179 | D:3      | HP: 2/48 [rat (2)]
  3180 | D:3      | Engulfed by a steam dragon's steam

Illustrated notes

Levels and vault maps discovered:
D:1:      zelgadis_glass_arrival_small, layout_loops_ring,
          hangedman_decor_peaks_small
D:2:      layout_rooms, nemelex_altar_shiori
D:3:      layout_loops_ring, nicolae_overflow_hidden_temple,
          minmay_shallow_snake_nest

Skill      XL: |  1  2  3  4 |
---------------+-------------+-----
Axes           | 3 4 5 |  5.8
Fighting       | |  3.0
Armour         | |  1.5
Dodging        | |  0.7
Invocations    | |  2.0

Action                   |  1- 3 |  4- 6 || total
-------------------------+-------+-------++-------
Melee: Hand axe          |   136 |    85 ||   221
       Tailslap          |    15 |     9 ||    24
Invok: Depart the Abyss  |     1 |       ||     1
       Bend Space        |       |     1 ||     1
 Abil: Rolling Charge    |    24 |    12 ||    36
  Use: Scroll            |     1 |     2 ||     3
       Potion            |       |     3 ||     3
Armor: Leather armour    |    67 |    45 ||   112
       Skin              |       |    11 ||    11
Dodge: Dodged            |    72 |    53 ||   125

Table legend: (Time is in decaauts)
 A = Elapsed time spent in this place.
 B = Non-inter-level travel time spent in this place.
 C = Inter-level travel time spent in this place.
 D = Time resting spent in this place.
 E = Time spent auto-exploring this place.
 F = Levels seen in this place.
 G = Mean time per level.
                   A        B        C        D        E       F      G
               +--------+--------+--------+--------+--------+-----+--------+
         Total |   3206 |   3041 |    165 |    495 |   1998 |   4 |  801.5 |
       Dungeon |   3152 |   2987 |    165 |    495 |   1953 |   3 | 1050.7 |
         Abyss |     54 |     54 |      0 |      0 |     45 |   1 |   54.0 |
               +--------+--------+--------+--------+--------+-----+--------+

Top non-repeatable levels by time:
     D:1: 1280 daAuts
     D:2: 1016 daAuts
     D:3: 856 daAuts
 Abyss:1: 54 daAuts
